 Dungeon Crawl Stone Soup version 0.18-a0-19-g8b99b3a (webtiles) character file.

4435 George the Carver (level 10, -3/78 HPs)
             Began as a Minotaur Fighter on Nov 1, 2015.
             Was an Elder of Okawaru.
             Slain by Erica
             ... wielding a +0 scimitar of flaming
              (7 damage)
             ... on level 8 of the Dungeon.
             The game lasted 00:17:45 (7083 turns).

George the Carver (Minotaur Fighter)                Turns: 7083, Time: 00:17:45

Health: -3/78      AC: 16    Str: 24    XL:     10   Next: 14%
Magic:  14/16      EV:  9    Int:  5    God:    Okawaru [****..]
Gold:   425        SH:  5    Dex: 10    Spells: 0 memorised, 9 levels left

rFire  . . .     SeeInvis .     v - +3 long sword (slice)
rCold  . . .     Clarity  .     k - +0 plate armour
rNeg   + . .     SustAt   .     M - +0 buckler (curse)
rPois  .         Gourm    .     (helmet restricted)
rElec  .         Spirit   .     w - +0 cloak
rCorr  .         Warding  .     (no gloves)
rMut   .         Stasis   .     F - +0 pair of boots
MR     +....                    (no amulet)
Stlth  ..........               B - ring of positive energy
                                o - ring of protection from magic

@: heroism, somewhat resistant to hostile enchantments, extremely unstealthy
A: retaliatory headbutt, horns 2
a: Heroism, Renounce Religion


You were on level 8 of the Dungeon.
You worshipped Okawaru.
Okawaru was greatly pleased with you.
You were not hungry.

You visited 2 branches of the dungeon, and saw 9 of its levels.

You collected 425 gold pieces.

Inventory:

Hand Weapons
 v - a +3 long sword of slicing (weapon)
Armour
 c - a +0 shield
 k - a +0 plate armour (worn)
 w - a +0 cloak (worn)
 F - a +0 pair of boots (worn)
 M - a cursed +0 buckler (worn)
Jewellery
 n - an uncursed ring of positive energy
 o - a ring of protection from magic (left hand)
 B - a ring of positive energy (right hand)
Wands
 C - a wand of lightning (2)
 L - a wand of confusion (28)
 Q - a wand of lightning (7)
 R - a wand of frost (26)
Scrolls
 h - 2 scrolls of blinking
 j - 3 scrolls of remove curse
 N - a scroll of enchant weapon
Potions
 d - 3 potions of might
 f - 4 potions of curing
 i - 2 potions of haste
 u - 2 potions of agility
 E - a potion of cancellation
 G - a potion of resistance {unknown}
 H - a potion of heal wounds {unknown}
Books
 P - a book of Enchantments

   Spells                             Type                      Level
   a - Cause Fear                     Hexes                        4
   b - Silence                        Hexes/Air                    5
   c - Deflect Missiles               Charms/Air                   6
   d - Haste                          Charms                       6
   e - Discord                        Hexes                        8
Comestibles
 b - 4 meat rations
 e - 7 bread rations
 g - 11 beef jerkies
 p - a slice of pizza
 z - a royal jelly
 D - a fruit
 S - a chunk of flesh


   Skills:
 + Level 3.7(8.7) Fighting
 + Level 12.7(17.7) Long Blades
 + Level 3.7(8.7) Armour
 - Level 3.6(8.6) Shields
 - Level 10.0 Invocations


You had 9 spell levels left.
You didn't know any spells.

Dungeon Overview and Level Annotations

Branches:
Dungeon (8/15)             Temple (1/1) D:6
   Lair: D:8-11

Altars:
Ashenzari
Cheibriados
Dithmenos
Elyvilon
Fedhas
Gozag
Kikubaaqudgha
Makhleb
Nemelex Xobeh
Okawaru
Ru
Sif Muna
Trog
Vehumet
Xom
Yredelemnul
Zin
The Shining One

Annotations:
D:8 Erica


Innate Abilities, Weirdness & Mutations

You reflexively headbutt those who attack you in melee.
You have a pair of horns on your head.


Message History

Your plate armour prevents you from hitting something.
You closely miss something. You headbutt something. Something hits you!
* * * LOW HITPOINT WARNING * * *
Something burns you.
* * * LOW HITPOINT WARNING * * *
You gain the combat prowess of a mighty hero.
You feel slightly more hungry. Something hits you!
* * * LOW HITPOINT WARNING * * *
Something burns you.
* * * LOW HITPOINT WARNING * * *
You hit something. Your headbutt misses something.
A hound comes into view.
You closely miss something.
The hound barks!
Your headbutt misses something.
You hear a shout! x2
Erica appears from thin air!
Reactivating autopickup.
Erica hits you with a scimitar of flaming!
You die...

... ... #.# #..##.# #.#
#..##.# #.# #..##.# #<#
# #..##.#####.#####..#
#.###..................#
#..........##########.##
#..........#
#..###.###@# #.# #@# #.#
#o# #.# #.h....# #.#
#........ #.. ...<....$
### .......>{ .........#
$.........


You could see Erica, a hound and an orc wizard.

Vanquished Creatures
  Pikel (D:4)
  The ghost of Duffy the Magician, a novice FoWz of Cheibriados (D:6)
  The ghost of kguciosek the Geomancer, a novice GrEE of Vehumet (D:5)
  Edmund (D:4)
  A water moccasin (D:5)
  Duvessa (D:6)
  2 orc warriors
  2 sky beasts
  A necrophage (D:7)
  6 ogres
  3 ice beasts
  3 centaurs
  Blork the orc (D:5)
  Dowan (D:6)
  7 giant frogs
  A scorpion (D:6)
  A wyvern skeleton (D:6)
  4 killer bees (D:7)
  A crimson imp (D:6)
  A hound (D:4)
  A jelly (D:6)
  4 orc priests
  4 orc wizards
  A centaur skeleton (D:7)
  2 iguanas
  4 worker ants
  A hound skeleton (D:7)
  8 adders
  A shadow imp (D:6)
  An ooze (D:4)
  2 adder zombies
  4 worms
  3 giant geckos
  24 orcs
  7 hobgoblins
  4 jackals (D:2)
  4 quokkas
  4 ball pythons
  10 bats
  5 giant cockroaches
  A giant gecko zombie (D:5)
  3 giant newts
  17 goblins
  12 kobolds
  A quokka zombie (D:6)
  4 rats
172 creatures vanquished.

Vanquished Creatures (others)
  A phantom (D:4)
1 creature vanquished.

Grand Total: 173 creatures vanquished

Notes
Turn   | Place    | Note
--------------------------------------------------------------
     0 | D:1      | George the Minotaur Fighter began the quest for the Orb.
     0 | D:1      | Reached XP level 1. HP: 19/19 MP: 0/0
   206 | D:1      | Reached XP level 2. HP: 26/26 MP: 1/1
   904 | D:2      | Reached skill level 4 in Long Blades
   926 | D:2      | Reached XP level 3. HP: 25/31 MP: 2/2
  1065 | D:2      | Found a basalt altar of Yredelemnul.
  1090 | D:2      | Reached skill level 5 in Long Blades
  1345 | D:3      | Reached XP level 4. HP: 36/39 MP: 3/3
  1360 | D:3      | Found a faded altar to an unknown god.
  1440 | D:3      | Found an iron altar of Okawaru.
  1470 | D:3      | Became a worshipper of Warmaster Okawaru
  1700 | D:3      | Found a radiant altar of Vehumet.
  1704 | D:3      | Found an ancient bone altar of Kikubaaqudgha.
  1704 | D:3      | Found a deep blue altar of Sif Muna.
  1716 | D:3      | Identified Kikubaaqudgha's Almanac of Unholy Magic
  1728 | D:3      | Identified Vehumet's Catalogue of Confrontation
  1735 | D:3      | Identified Sif Muna's Papyrus of Enchantment
  1827 | D:3      | Noticed an ogre
  1838 | D:3      | Killed an ogre
  1838 | D:3      | Reached skill level 6 in Long Blades
  1838 | D:3      | Reached XP level 5. HP: 39/45 MP: 3/5
  1982 | D:3      | Found a sparkling altar of Nemelex Xobeh.
  2111 | D:4      | Noticed an ogre
  2112 | D:4      | Noticed a centaur
  2119 | D:4      | Killed an ogre
  2119 | D:4      | Reached * piety under Okawaru
  2119 | D:4      | Reached XP level 6. HP: 4/51 MP: 5/7
  2414 | D:4      | Reached skill level 7 in Long Blades
  2434 | D:4      | Noticed Edmund
  2462 | D:4      | Killed Edmund
  2555 | D:4      | Reached XP level 7. HP: 48/57 MP: 9/9
  2735 | D:4      | Noticed Pikel
  2753 | D:4      | Killed Pikel
  2753 | D:4      | Reached ** piety under Okawaru
  2753 | D:4      | Reached skill level 8 in Long Blades
  2753 | D:4      | Reached skill level 5 in Invocations
  2753 | D:4      | Reached XP level 8. HP: 13/64 MP: 9/11
  3034 | D:4      | Reached skill level 9 in Long Blades
  3086 | D:4      | You fall through a shaft!
  3086 | D:5      | Entered Level 5 of the Dungeon
  3195 | D:5      | Noticed Blork the orc
  3201 | D:5      | Killed Blork the orc
  3335 | D:5      | Noticed kguciosek's ghost (novice GrEE)
  3547 | D:5      | Killed kguciosek's ghost
  3547 | D:5      | Reached skill level 10 in Long Blades
  4154 | D:6      | Reached XP level 9. HP: 62/70 MP: 13/13
  4170 | D:6      | Found a staircase to the Ecumenical Temple.
  4175 | D:6      | Reached *** piety under Okawaru
  4183 | Temple   | Entered the Ecumenical Temple
  4388 | D:6      | Found a glowing silver altar of Zin.
  4480 | D:6      | Found a shadowy altar of Dithmenos.
  4568 | D:6      | Noticed Duffy's ghost (novice FoWz)
  4612 | D:6      | Killed Duffy's ghost
  4612 | D:6      | Reached skill level 11 in Long Blades
  5182 | D:6      | Noticed Duvessa
  5184 | D:6      | Noticed Dowan
  5195 | D:6      | Killed Duvessa
  5196 | D:6      | Killed Dowan
  5267 | D:6      | Found a basalt altar of Yredelemnul.
  5334 | D:6      | Found a sacrificial altar of Ru.
  5541 | D:6      | Reached skill level 12 in Long Blades
  6043 | D:7      | Found a bloodstained altar of Trog.
  6044 | D:7      | Found a glowing golden altar of the Shining One.
  6046 | D:7      | Found a blossoming altar of Fedhas.
  6049 | D:7      | Found a snail-covered altar of Cheibriados.
  6127 | D:7      | Reached **** piety under Okawaru
  6363 | D:7      | Reached XP level 10. HP: 53/77 MP: 16/16
  6678 | D:7      | Reached skill level 10 in Invocations
  7056 | D:8      | Noticed Erica
  7083 | D:8      | Slain by Erica

Vault maps used:
D:1:      dpeg_arrival_simpleton_c
D:2:      overflow_temple_1_default, first_bread
D:3:      grunt_temple_overflow_magic_moments, old_standard_altar,
          nemelex_xobeh_ov_fountains_minmay, ecumenical_altar_2,
          minmay_ogre_servants
D:4:      kennysheep_generic_room_15, uniq_edmund, uniq_pikel
D:5:      uniq_blork_the_orc
D:6:      lemuel_doored_altar, overflow_temple_1_default,
          minmay_temple_entry_junction2, basic_altar, nicolae_ru_path_of_blood,
          uniq_duvessa
D:7:      minitemple, grunt_ogre_cave
D:8:      serial_shops, nicolae_shop_statue_plus, uniq_erica, uniq_grum,
          uniq_gastronok
Temple:   hc_temple_tempest_star_small

Action                   |  1- 3 |  4- 6 |  7- 9 | 10-12 || total
-------------------------+-------+-------+-------+-------++-------
Melee: Long sword        |   112 |    90 |   260 |    60 ||   522
Invok: Heroism           |       |       |       |     1 ||     1
  Use: Scroll            |       |       |    15 |       ||    15
  Eat: Chunk             |     1 |     4 |    10 |     3 ||    18
       Royal jelly       |       |       |     1 |       ||     1
